 Dungeon Sprint DCSS version 0.30.1-3-gfc49f6343a (webtiles) character file.

Game seed: 12889055373844754938

343 Revguard the Lightning Rod (level 6, -2/78 HPs)
             Began as a Demonspawn Fighter on July 30, 2023.
             Was a Follower of Qazlal.
             Slain by an air elemental (8 damage)
             ... while paralysed by an air elemental
             ... in the Dungeon (Sprint V: "Ziggurat Sprint").
             The game lasted 00:01:54 (181 turns).

Revguard the Lightning Rod (Demonspawn Fighter)      Turns: 181, Time: 00:01:55

Health: -2/78      AC: 31    Str: 30    XL:     6   Next: 31%
Magic:  8/10       EV:  2    Int: 10    God:    Qazlal [*.....]
Gold:   0          SH:  0    Dex: 12    Spells: 5/5 levels left

rFire   + . .        F - +8 lance "Wyrmbane" {slay drac, rPois rF+ rC+ AC+3}
rCold   + . .        E - +18 shield of the Gong {Loud rN+ Will+ rCorr EV-5}
rNeg    + . .        D - +15 Maxwell's patent armour {-Cast -Tele rElec Will+ rCorr}
rPois   +            (no helmet)
rElec   +            (no cloak)
rCorr   +            (no gloves)
SInv    .            (no boots)
Will    ++...        (no amulet)
Stlth   x              - +6 ring of strength
HPRegen 0.33/turn    y - +6 ring of strength
MPRegen 0.12/turn

%: no teleportation, no spellcasting
@: paralysed, berserking (expiring)
A: claws 1, sharp scales 1, demonic magic 2
a: Renounce Religion


You were in the Dungeon.
You worshipped Qazlal.
Qazlal was aware of your devotion.
You visited 1 branch

Inventory:

Hand Weapons
 a - a +0 trident
 F - the +8 lance "Wyrmbane" (weapon) {slay drac, rPois rF+ rC+ AC+3}
   (You found it in the Dungeon)

   AC:        It affects your AC (+3).
   rF:        It protects you from fire.
   rC:        It protects you from cold.
   rPois:     It protects you from poison.
Armour
 b - a +0 scale mail
 c - a +0 buckler
 D - the +15 Maxwell's patent armour (worn) {-Cast -Tele rElec Will+ rCorr}
   (You found it in the Dungeon)

   rElec:     It insulates you from electricity.
   -Cast:     It prevents spellcasting.
   -Tele:     It prevents most forms of teleportation.
   rCorr:     It protects you from acid and corrosion.
   Will:      It increases your willpower.
 E - the +18 shield of the Gong (worn) {Loud rN+ Will+ rCorr EV-5}
   (You found it in the Dungeon)

   Loud:      It is deafeningly noisy when blocking attacks.
   EV:        It affects your evasion (-5).
   rN:        It protects you from negative energy.
   rCorr:     It protects you from acid and corrosion.
   Will:      It increases your willpower.
Jewellery
 s - a ring of flight
 t - a +6 ring of dexterity
 u - a +6 ring of dexterity
 v - a +6 ring of intelligence
 w - a +6 ring of intelligence
 x - a +6 ring of strength (left claw)
 y - a +6 ring of strength (right claw)
Wands
 z - a wand of mindburst (7)
 A - a wand of iceblast (7)
 B - a wand of quicksilver (7)
Scrolls
 j - 4 scrolls of blinking
 o - 4 scrolls of amnesia
 p - 7 scrolls of fog
 q - 5 scrolls of identify
 r - 2 scrolls of fear
Potions
 d - 6 potions of might
 e - 10 potions of curing
 f - 10 potions of heal wounds
 g - 6 potions of haste
 h - 7 potions of magic
 i - 2 potions of berserk rage
 k - 2 potions of brilliance
 l - 2 potions of invisibility
 m - 4 potions of resistance
Miscellaneous
 C - a lightning rod (4/4)


   Skills:
 + Level 5.9 Fighting
 + Level 5.4 Polearms
 + Level 5.4 Armour
 + Level 5.0 Dodging
 + Level 5.5 Shields
 + Level 6.5 Invocations
 + Level 5.0 Evocations


You had 5 spell levels left.
You didn't know any spells.
Your spell library was empty.

Dungeon Overview and Level Annotations

Branches:
Dungeon (1/1)

Altars:
Ashenzari
Cheibriados
Dithmenos
Fedhas
Gozag
Hepliaklqana
Kikubaaqudgha
Makhleb
Nemelex Xobeh
Okawaru
Qazlal
Ru
Sif Muna
Trog
Uskayaw
Vehumet
Wu Jian
Xom
Yredelemnul
Jiyva
Lugonu

Annotations:
D 1 transporter


Innate Abilities, Weirdness & Mutations

You have sharp fingernails.
You are partially covered in razor-sharp scales. (AC +1, Slay +1)
Spells you cast may paralyse nearby enemies.


Message History

GONNNNG!
The air elemental fires a burst of electricity at you.
The stunning burst hits you! You resist.
You shrug off the repeated paralysis!
* * * LOW HITPOINT WARNING * * *
You closely miss the air elemental.
The air elemental is lightly damaged.
The air elemental hits you but does no damage.
You block the air elemental's attack.
BOUMMMMG!
You block the air elemental's attack.
PANG!
You block the air elemental's attack.
GONNNNG!
You closely miss the air elemental.
The air elemental is lightly damaged.
You block the air elemental's attack.
GONNNNG!
The air elemental fires a burst of electricity at you.
The stunning burst hits you. You resist.
* * * LOW HITPOINT WARNING * * *
You miss the air elemental.
The air elemental is lightly damaged.
You block the air elemental's attack.
BONNNG!
You block the air elemental's attack.
PANG!
The air elemental hits you but does no damage.
You block the air elemental's attack.
GONNNNG!
You barely miss the air elemental.
The air elemental is lightly damaged.
The air elemental fires a burst of electricity at you.
The stunning burst hits you. You resist.
You suddenly lose the ability to move!
* * * LOW HITPOINT WARNING * * *
The air elemental fires a burst of electricity at you.
The stunning burst hits you. You resist.
* * * LOW HITPOINT WARNING * * *
The air elemental hits you but does no damage.
The air elemental hits you!
You die...

▓▓▓▓▓▓▓▓▓▓▓▓▓
▓.8©8.▓.8©8.▓
▓.|)=.▓.....▓
▓.....▓.|.).▓
▓.....▓.....▓
▓.E.E.▓..††.▓
▓..@..▓..©..▓
▓..©..▓▓▓▓▓▓▓
▓▓▓▓▓▓▓


You could see 2 air elementals.

Vanquished Creatures
  An air elemental (D)
  A black bear (D)
  A wolf (D)
3 creatures vanquished.

Notes
Turn   | Place    | Note
-------+----------+-------------------------------------------
     0 | D        | Revguard the Demonspawn Fighter began the quest for the
                  | Orb.
     0 | D        | Reached XP level 1. HP: 18/18 MP: 1/1
     0 | D        | Found a shimmering blue altar of Sif Muna.
     0 | D        | Found a bloodstained altar of Trog.
     0 | D        | Found a sacrificial altar of Ru.
     0 | D        | Found a stormy altar of Qazlal.
     0 | D        | Found an iron altar of Okawaru.
     1 | D        | Found a sparkling altar of Nemelex Xobeh.
     1 | D        | Found a blossoming altar of Fedhas.
     1 | D        | Found the +6 Majin-Bo {spellvamp, MP+6 Int+6}
     1 | D        | Found the +27 heavy crossbow "Sniper" {heavy, Acc+∞ SInv}
     1 | D        | Found the +10 dark maul {heavy}
     1 | D        | Found the +15 Maxwell's patent armour {-Cast -Tele rElec
                  | Will+ rCorr}
     1 | D        | Found the +18 shield of the Gong {Loud rN+ Will+ rCorr
                  | EV-5}
     1 | D        | Found the +16 obsidian axe {drain, demonic, Mesm Drain Fly
                  | SInv}
     1 | D        | Found the +7 great mace "Firestarter" {flame, immolate,
                  | rFlCloud rF++}
     1 | D        | Found the +6 shillelagh "Devastator" {shatter}
     1 | D        | Found the +11 plutonium sword {Contam Stlth-}
     1 | D        | Found the +8 lance "Wyrmbane" {slay drac, rPois rF+ rC+
                  | AC+3}
     1 | D        | Found the +9 sword of Zonguldrok {reap}
     1 | D        | Found the +13 scythe of Curses {drain, curses, Drain}
     1 | D        | Found the +9 sword of Power {lifebolt}
     1 | D        | Found the +7 mace of Variability {chaos, chaos arc}
     1 | D        | Found the +11 Singing Sword {sonic wave}
     1 | D        | Found the +8 storm bow {elec, penet}
     3 | D        | Found a transporter.
     3 | D        | Found an ancient bone altar of Kikubaaqudgha.
     3 | D        | Found a viscous altar of Jiyva.
     3 | D        | Found a corrupted altar of Lugonu.
     3 | D        | Found a hazy altar of Hepliaklqana.
     3 | D        | Found a burning altar of Makhleb.
     3 | D        | Found an opulent altar of Gozag.
    90 | D        | Became a worshipper of Qazlal Stormbringer
    97 | D        | Reached skill level 2 in Invocations
    97 | D        | Gained mutation: You are partially covered in razor-sharp
                  | scales. (AC +1, Slay +1) [demonic ancestry]
    97 | D        | Reached XP level 2. HP: 25/25 MP: 2/4
   120 | D        | Entered arena 2.
   120 | D        | Noticed a wolf
   120 | D        | Noticed a black bear
   120 | D        | Found a transporter.
   124 | D        | Killed a wolf
   125 | D        | Reached skill level 4 in Invocations
   125 | D        | Gained mutation: Spells you cast may paralyse adjacent
                  | enemies. [demonic ancestry]
   125 | D        | Reached XP level 3. HP: 31/31 MP: 4/6
   125 | D        | Reached XP level 4. HP: 38/38 MP: 4/7
   130 | D        | Killed a black bear
   131 | D        | Reached skill level 5 in Fighting
   131 | D        | Reached skill level 5 in Invocations
   131 | D        | Gained mutation: You have sharp fingernails. [demonic
                  | ancestry]
   131 | D        | Reached XP level 5. HP: 41/44 MP: 4/8
   162 | D        | Entered arena 3.
   162 | D        | Noticed an air elemental
   162 | D        | Noticed an air elemental
   162 | D        | Noticed an air elemental
   162 | D        | Found a transporter.
   162 | D        | Paralysed by an air elemental for 1 turns
   165 | D        | Paralysed by an air elemental for 1 turns
   171 | D        | Paralysed by an air elemental for 1 turns
   173 | D        | Killed an air elemental
   173 | D        | Reached * piety under Qazlal
   174 | D        | Reached skill level 5 in Polearms
   174 | D        | Reached skill level 5 in Armour
   174 | D        | Reached skill level 5 in Dodging
   174 | D        | Reached skill level 5 in Shields
   174 | D        | Reached skill level 6 in Invocations
   174 | D        | Reached skill level 5 in Evocations
   174 | D        | Gained mutation: Spells you cast may paralyse nearby
                  | enemies. [demonic ancestry]
   174 | D        | Reached XP level 6. HP: 21/52 MP: 8/10
   180 | D        | Paralysed by an air elemental for 1 turns
   181 | D        | Slain by an air elemental

Illustrated notes

Levels and vault maps discovered:
D:        sprint_v [room_start, room_1, room_2, room_3, room_4, room_5, room_6,
          room_7, room_8, room_9, room_10, room_11, room_12, room_13, room_14,
          room_15, room_16, room_17, room_18, room_19, room_20, room_21,
          room_22, room_23, room_24, room_25, room_26, room_27]

Skill      XL: |  1  2  3  4  5 |
---------------+----------------+-----
Polearms       | 3 4 5 |  5.4
Armour         | 3 4 5 |  5.4
Dodging        | 2 3 4 5 |  5.0
Shields        | 3 4 5 |  5.5
Invocations    | 2 4 5 6 |  6.5
Evocations     | 2 3 4 5 |  5.0
Fighting       | 4 5 |  5.9

Action                     |  1- 3 |  4- 6 || total
---------------------------+-------+-------++-------
  Melee: Lance             |     4 |    21 ||    25
    Use: Potion            |     1 |     1 ||     2
 Armour: Plate armour      |     4 |    37 ||    41
  Dodge: Dodged            |       |     3 ||     3
  Block: Kite shield       |    10 |    51 ||    61
